 Dungeon Crawl Stone Soup version 0.31-a0-188-g5e087ee2ca (webtiles) character file.

Game seed: 5914731192861562944

66 qw the Shooter (level 3, 0/20 HPs)
             Began as a Deep Elf Hunter on June 23, 2023.
             Slain by a goblin
             ... wielding a +0 dagger
             ... led by Robin
              (3 damage)
             ... on level 2 of the Dungeon.
             The game lasted 00:00:26 (1001 turns).

qw the Shooter (Deep Elf Hunter)                    Turns: 1001, Time: 00:00:27

Health: 0/20       AC:  6    Str: 10    XL:     3   Next: 96%
Magic:  5/5        EV: 11    Int: 13    God:
Gold:   103        SH:  0    Dex: 18    Spells: 2/2 levels left

rFire   . . .        Y - +0 shortbow
rCold   . . .        (shield currently unavailable)
rNeg    . . .        h - +0 ring mail
rPois   .            (no helmet)
rElec   .            f - +0 cloak
rCorr   .            (no gloves)
SInv    .            (no boots)
Will    .....        (no amulet)
Stlth   +            (no ring)
HPRegen 0.23/turn    (no ring)
MPRegen 0.09/turn

%: no passive effects
@: no status effects
A: no striking features
a: no special abilities


You were on level 2 of the Dungeon.
You visited 1 branch of the dungeon, and saw 2 of its levels.

You collected 103 gold pieces.


   Skills:
 - Level 1.5 Fighting
 + Level 7.4 Ranged Weapons
 - Level 2.4 Dodging
 - Level 1.2 Stealth


You had 2 spell levels left.
You didn't know any spells.
Your spell library was empty.

Inventory:

Hand Weapons
 Y - a +0 shortbow (weapon)
Armour
 f - a +0 cloak (worn)
 h - a +0 ring mail (worn)
Scrolls
 a - a scroll of teleportation {unknown}
Potions
 b - a potion of brilliance {unknown}
 g - a potion of heal wounds {unknown}

Dungeon Overview and Level Annotations

Branches:
Dungeon (2/15)

Altars:

Shops:
D:2 (

Annotations:
D:2 Robin


Message History

955 ||| DRINKING potion of curing.
You feel better.
955 ||| (to cure poison)
You start resting.
HP restored.
Robin, a hobgoblin and 4 goblins come into view.
Robin is wielding a +5 mace of protection and wearing the +1 helmet "Xiureil" {Will+ Str+3}.
The hobgoblin shouts!
The goblin shouts! x4
Enter note: You shoot an arrow.
Robin shouts!
The arrow hits the goblin.
The goblin is heavily wounded.
The goblin hits you with a +0 club.
You shoot an arrow. The arrow misses the goblin.
Robin roars a battlecry!
The goblins go into a battle-frenzy!
You shoot an arrow. The arrow barely misses the goblin.
The goblin completely misses you.
You shoot an arrow. The arrow hits the goblin!
You kill the goblin!
You shoot an arrow. The arrow hits the hobgoblin.
You kill the hobgoblin!
A goblin comes into view. It is wielding a +0 dagger.
Robin throws the goblin at you! The goblin closely misses you.
The goblin hits you but does no damage.
You shoot an arrow. The arrow hits the goblin.
The goblin is heavily wounded.
The goblin closely misses you. The goblin hits you with a +0 club.
You shoot an arrow. The arrow barely misses the goblin.
The goblin hits you but does no damage. The goblin barely misses you.
Robin says, "Kneel, worm!"
Robin hits you with a +5 mace of protection.
You shoot an arrow. The arrow hits the goblin!
You kill the goblin!
Robin hits you with a +5 mace of protection.
The goblin hits you with a +0 club.
You shoot an arrow. The arrow barely misses Robin.
Robin throws the goblin at you! The goblin hits you but does no damage.
The goblin hits you with a +0 dagger.
You die...

#......# #.
#.###### #.
#.#....# #.
###.#.#.## #.
##.#.#.#.## #g
#..#.#.#... #.
#..#...####
#g#######..#.###
####g@.....#..#.#
#.....).g....#P.#.#
############.##.#.#
#...####.#
#.######.#
#....#...#
#.##.#.###
######%#.#
#......#.#


You could see Robin and 3 goblins.

Vanquished Creatures
  2 adders (D:2)
  A gnoll (D:1)
  A dart slug (D:2)
  2 endoplasms (D:1)
  3 giant cockroaches (D:1)
  5 goblins
  4 hobgoblins
  A quokka (D:1)
  4 ball pythons
  5 bats (D:1)
  2 frilled lizards (D:1)
  4 kobolds
  A rat (D:2)
35 creatures vanquished.

Notes
Turn   | Place    | Note
-------+----------+-------------------------------------------
     0 | D:1      | qw the Deep Elf Hunter began the quest for the Orb.
     0 | D:1      | Reached XP level 1. HP: 12/12 MP: 3/3
     0 | D:1      | 0 ||| qw: Version: 0.3-a-9-g12657ce
     0 | D:1      | 0 ||| qw: Game counter: 3977
     0 | D:1      | 0 ||| qw: Always use a shield: true
     0 | D:1      | 0 ||| qw: God list: Okawaru
     0 | D:1      | 0 ||| qw: Allow faded altars: false
     0 | D:1      | 0 ||| qw: Do Orc after D:15 true
     0 | D:1      | 0 ||| qw: Do second Lair branch before Depths: true
     0 | D:1      | 0 ||| qw: Lair rune preference: random
     0 | D:1      | 0 ||| qw: Plans: Normal
     0 | D:1      | 0 ||| PLANNING D:1-11
    64 | D:1      | Reached XP level 2. HP: 16/16 MP: 4/4
    66 | D:1      | Reached skill level 6 in Ranged Weapons
   269 | D:1      | HP: 3/16 [gnoll/+0 spear (3)]
   275 | D:1      | Reached XP level 3. HP: 3/20 MP: 5/5
   530 | D:1      | 530 ||| UPGRADING to +0 scale mail.
   540 | D:1      | 540 ||| DROPPING +0 leather armour.
   541 | D:1      | 541 ||| UPGRADING to +0 cloak.
   546 | D:1      | 546 ||| UPGRADING to +0 ring mail.
   556 | D:1      | 556 ||| DROPPING +0 scale mail.
   557 | D:1      | 557 ||| READING scroll labelled WOTOR SIECUMU.
   558 | D:1      | 558 ||| READING scroll labelled ZAEMAE ACRA.
   559 | D:1      | 559 ||| READING scroll labelled DESCHU ZOCIA.
   560 | D:1      | 560 ||| DRINKING 2 black potions.
   561 | D:1      | 561 ||| DROPPING scroll of butterflies.
   613 | D:2      | Found Laihent's Antique Weapon Shoppe.
   622 | D:2      | 622 ||| SHOPLISTING crystal sling (104 gold, have 63).
   622 | D:2      | 622 ||| SHOPLISTING runed orcbow (104 gold, have 63).
   663 | D:2      | Reached skill level 7 in Ranged Weapons
   952 | D:2      | HP: 5/20 [adder (2)]
   954 | D:2      | HP: 2/20 [poisoned by an adder]
   955 | D:2      | 955 ||| DRINKING potion of curing.
   955 | D:2      | 955 ||| (to cure poison)
   992 | D:2      | Identified the +1 helmet "Xiureil" {Will+ Str+3}
   992 | D:2      | Noticed Robin
  1000 | D:2      | HP: 3/20 [goblin/+0 club[Robin] (4)]
  1001 | D:2      | Slain by a goblin

Levels and vault maps discovered:
D:1:      ncdulo_watergridlock, layout_rooms
D:2:      layout_basic, serial_shops, shop, serial_aquarium,
          aquarium_bridge_long_joined [aquarium_subvault_bridge,
          aquarium_subvault_bridge, aquarium_subvault_wall,
          aquarium_subvault_wall, aquarium_subvault_window,
          aquarium_subvault_wall], aquarium_bridge_straight
          [aquarium_subvault_bridge, aquarium_subvault_wall,
          aquarium_subvault_bridge, aquarium_subvault_balcony],
          aquarium_window_fake, aquarium_window_2, aquarium_view_2d,
          aquarium_pool_1, minmay_tromino_v4_c, uniq_robin

Skill      XL: |  1  2  3 |
---------------+----------+-----
Ranged Weapons | 6 7 |  7.4
Fighting       | |  1.5
Dodging        | |  2.4
Stealth        | |  1.2

Action                     || total
---------------------------++-------
   Fire: Shortbow          ||   102
    Use: Scroll            ||     3
         Potion            ||     2
 Armour: Leather armour    ||     6
         Ring mail         ||     7
  Dodge: Dodged            ||    38

Table legend:
 A = Non-vault XP
 B = Vault XP
 C = Vault XP percentage of total XP
 D = Non-vault monster count
 E = Vault monster count
 F = Vault count percentage of total count
                 A         B        C        D         E       F
            +---------+---------+-------+---------+---------+-------
      Total |      89 |       6 |   6.3 |      32 |       3 |   8.6
            +---------+---------+-------+---------+---------+-------
        D:1 |      53 |       0 |   0.0 |      26 |       0 |   0.0
        D:2 |      36 |       6 |  14.3 |       6 |       3 |  33.3
            +---------+---------+-------+---------+---------+-------
